 Dungeon Crawl Stone Soup version 0.24.0-1-gfbc8707 (webtiles) character file.

Game seed: 15171126787165224356, levelgen mode: deterministic

135 JeffiDaFish the Covered (level 5, 0/33 HPs)
             Began as a Gargoyle Fighter on Nov 3, 2019.
             Slain by a killer bee (2 damage)
             ... on level 3 of the Dungeon.
             The game lasted 00:04:30 (2425 turns).

JeffiDaFish the Covered (Gargoyle Fighter)          Turns: 2425, Time: 00:04:31

Health: 0/33       AC: 19    Str: 20    XL:     5   Next: 18%
Magic:  5/5        EV:  3    Int:  9    God:
Gold:   115        SH:  9    Dex:  9    Spells: 4/4 levels left

rFire    . . .     SeeInvis .   a - +0 flail
rCold    . . .     Gourm    .   c - +0 shield
rNeg     + . .     Faith    .   e - +1 plate armour
rPois    ∞         Spirit   .   i - +1 helmet
rElec    +         Reflect  .   (no cloak)
rCorr    .         Harm     .   (no gloves)
MR       .....                  (no boots)
Stlth    ..........             (no amulet)
HPRegen  0.11/turn              (no ring)
MPRegen  0.09/turn              (no ring)

@: no status effects
A: negative energy resistance 1, electricity resistance, unbreathing,
petrification resistance, rot immunity, AC +4
a: no special abilities


You were on level 3 of the Dungeon.
You were not hungry.

You visited 1 branch of the dungeon, and saw 3 of its levels.

You collected 115 gold pieces.

Inventory:

Hand Weapons
 a - a +0 flail (weapon)
Armour
 c - a +0 shield (worn)
 e - a +1 plate armour (worn)
 i - a +1 helmet (worn)
 k - a +0 large shield
Wands
 g - a wand of paralysis (10)
Potions
 b - a potion of flight
 d - a potion of might
 h - a potion of mutation
 j - a potion of ambrosia
Comestibles
 f - 5 rations
 l - a chunk of flesh


   Skills:
 + Level 4.0 Fighting
 * Level 3.3 Maces & Flails
 * Level 4.4 Armour
 + Level 3.8 Shields


You had 4 spell levels left.
You didn't know any spells.
Your spell library was empty.

Dungeon Overview and Level Annotations

Branches:
Dungeon (3/15)

Altars:


Innate Abilities, Weirdness & Mutations

You are resistant to torment.
Your stone body is resilient. (AC +4)
You are immune to poison.
You resist negative energy. (rN+)
You are resistant to electric shocks. (rElec)
You can survive without breathing.
You are immune to petrification.
You are immune to rotting.


Message History

Your shield and plate armour prevent you from hitting the killer bee.
The killer bee is moderately wounded.
The killer bee stings you but does no damage.
You block the killer bee's attack. The killer bee stings you.
* * * LOW HITPOINT WARNING * * *
Your shield and plate armour prevent you from hitting the killer bee.
The killer bee is moderately wounded.
The killer bee stings you but does no damage.
You block the killer bee's attack.
You closely miss the killer bee.
The killer bee is moderately wounded.
The killer bee stings you but does no damage.
The killer bee stings you.
* * * LOW HITPOINT WARNING * * *
The killer bee stings you but does no damage.
You closely miss the killer bee.
The killer bee is moderately wounded.
The killer bee stings you but does no damage. x2
The killer bee stings you.
You die...

#.# #.......# #.# #y#
#.####[.# ####.# #..
#..####>...# ..# #..........#
#y# #.#####....## ##.####.#
#.# ##..... #.......# #.#
###÷##
..####.##########.########.#
.....?....yyy@..............##
.....##..#########............
.#.......# #....########
#...##..# ####.# # #.. #..#
#.# # #. #[.# #.# # # #..# #.#
>..# #.# #.#


You could see 3 killer bees.

Vanquished Creatures
  Robin (D:2)
  3 adders (D:2)
  2 worms
  2 dart slugs
  A leopard gecko (D:1)
  5 orcs (D:3)
  A ball python (D:2)
  2 giant cockroaches
  16 goblins
  9 hobgoblins
  3 jackals (D:3)
  2 quokkas
  9 bats
  2 frilled lizards
  8 kobolds
  9 rats
75 creatures vanquished.

Notes
Turn   | Place    | Note
-------+----------+-------------------------------------------
     0 | D:1      | JeffiDaFish the Gargoyle Fighter began the quest for the
                  | Orb.
     0 | D:1      | Reached XP level 1. HP: 14/14 MP: 1/1
   193 | D:1      | Reached XP level 2. HP: 18/19 MP: 2/2
   530 | D:1      | Reached XP level 3. HP: 17/23 MP: 3/3
  1082 | D:2      | Noticed Robin
  1091 | D:2      | Killed Robin
  1091 | D:2      | Reached XP level 4. HP: 29/29 MP: 4/4
  1309 | D:2      | Found a faded altar of an unknown god.
  2187 | D:3      | Reached XP level 5. HP: 33/33 MP: 5/5
  2425 | D:3      | Slain by a killer bee

Levels and vault maps discovered:
D:1:      mrwooster_arrival_statue_3, layout_rooms
D:2:      layout_basic, chequers_ecumenical_altar_island, uniq_robin
D:3:      layout_loops_ring, first_ration, serial_glass, glass_columns_b,
          glass_columns_a, glass_columns_b, uniq_crazy_yiuf_cottage

Skill      XL: |  1  2  3  4  5 |
---------------+----------------+-----
Armour         | 4 |  4.4
Maces & Flails | 3 |  3.3
Fighting       | 4 |  4.0
Shields        | |  3.8

Action                   |  1- 3 |  4- 6 || total
-------------------------+-------+-------++-------
Melee: Flail             |   192 |   234 ||   426
  Use: Scroll            |     3 |     5 ||     8
       Potion            |     3 |     4 ||     7
 Stab: Invisible         |       |     1 ||     1
  Eat: Chunk             |     1 |     5 ||     6
Armor: Plate armour      |   185 |   232 ||   417
       Scale mail        |     1 |       ||     1
Dodge: Dodged            |    29 |    41 ||    70
Block: Shield            |   124 |   140 ||   264
